 Dungeon Crawl Stone Soup version 0.26-b1-32-g5d43845318 (webtiles) character file.

Game seed: 15958906233700698422

252 Aviak the Shield-Bearer (level 5, 0/50 HPs)
             Began as a Deep Dwarf Fighter on Jan 12, 2021.
             Slain by an ogre
             ... wielding a +0 giant spiked club
              (21 damage)
             ... on level 4 of the Dungeon.
             The game lasted 00:00:56 (2105 turns).

Aviak the Shield-Bearer (Deep Dwarf Fighter)        Turns: 2105, Time: 00:00:57

Health: 0/50       AC:  7    Str: 21    XL:     5   Next: 89%
Magic:  4/4        EV:  7    Int:  8    God:
Gold:   121        SH: 10    Dex: 12    Spells: 4/4 levels left

rFire    . . .     SeeInvis .   a - +0 war axe
rCold    . . .     Faith    .   c - +0 kite shield
rNeg     . . .     Spirit   .   b - +0 scale mail
rPois    .         Reflect  .   (no helmet)
rElec    .         Harm     .   (no cloak)
rCorr    .         Rampage  .   (no gloves)
Will     .....                  (no boots)
Stlth    ..........             (no amulet)
HPRegen  0.00/turn              (no ring)
MPRegen  0.09/turn              (no ring)

@: non-regenerating
A: damage resistance, heal wounds, sense surroundings 1, no regeneration
a: Heal Wounds


You were on level 4 of the Dungeon.
You visited 1 branch of the dungeon, and saw 4 of its levels.

You collected 121 gold pieces.

Inventory:

Hand Weapons
 a - a +0 war axe (weapon)
Armour
 b - a +0 scale mail (worn)
 c - a +0 kite shield (worn)
Jewellery
 f - an uncursed ring of fire
 n - an uncursed amulet of reflection {unknown}
Scrolls
 g - 3 scrolls of fear {unknown}
 h - 7 scrolls of identify {unknown}
 i - 2 scrolls of remove curse {unknown}
 j - 3 scrolls of immolation {unknown}
 k - a scroll of amnesia {unknown}
 m - 2 scrolls of enchant armour {unknown}
 o - a scroll of blinking {unknown}
 q - a scroll of fog {unknown}
 s - a scroll of teleportation {unknown}
 y - a scroll of magic mapping {unknown}
Potions
 d - a potion of might
 e - 2 potions of curing {unknown}
 l - a potion of flight {unknown}
 p - 2 potions of resistance {unknown}
 r - a potion of attraction {unknown}
 t - a potion of heal wounds {unknown}
 u - a potion of cancellation {unknown}
 v - a potion of mutation {unknown}
 w - a potion of degeneration {unknown}
 x - a potion of ambrosia {unknown}


   Skills:
 + Level 3.7 Fighting
 + Level 3.9 Axes
 + Level 4.5 Armour
 + Level 4.6 Shields


You had 4 spell levels left.
You didn't know any spells.
Your spell library was empty.

Dungeon Overview and Level Annotations

Branches:
Dungeon (4/15)
 Temple: D:4-7

Altars:
Dithmenos


Innate Abilities, Weirdness & Mutations

You are resistant to damage.
You can heal yourself by infusing magical energy.
You passively map a small area around you.
You do not regenerate.


Message History

You slash the hound!
You kill the hound!
No target in view!
No target in view!
y - a scroll labelled WYGGUY CUTE No target in view!
No target in view!
No target in view!
No target in view!
You open the door.
There is an open door here.
You open the door.
An ogre comes into view. It is wielding a +0 giant spiked club.
The ogre shouts!
Found a ring mail.
There is an open door here.
The ogre closely misses you.
You hit the ogre but do no damage.
The ogre hits you with a +0 giant spiked club!!
You die...

..............
#.................
#.................
#......###..###...
#..[...###..# ####
#......#....#
#......#....#
#O.....#....#
#@...# ##.###
#'#######.#
#....#....#
#....'....#
#....#....#
#....#....#
#....#....#
###########


You could see an ogre.

Vanquished Creatures
  A hound (D:4)
  An orc priest (D:3)
  An orc wizard (D:3)
  Robin (D:3)
  4 adders (D:3)
  An adder skeleton (D:3)
  4 worms
  A dart slug (D:2)
  A leopard gecko (D:2)
  11 orcs (D:3)
  7 bats
  3 giant cockroaches
  11 goblins
  15 hobgoblins
  2 quokkas
  A ball python (D:1)
  5 frilled lizards
  11 kobolds
  6 rats
87 creatures vanquished.

Notes
Turn   | Place    | Note
-------+----------+-------------------------------------------
     0 | D:1      | Aviak the Deep Dwarf Fighter began the quest for the Orb.
     0 | D:1      | Reached XP level 1. HP: 20/20 MP: 1/1
   228 | D:1      | Reached XP level 2. HP: 27/27 MP: 2/2
   877 | D:2      | Reached XP level 3. HP: 26/34 MP: 3/3
  1370 | D:3      | Reached XP level 4. HP: 21/42 MP: 4/4
  1419 | D:3      | Found a shadowy altar of Dithmenos.
  1649 | D:3      | Noticed Robin
  1682 | D:3      | Killed Robin
  1683 | D:3      | Reached XP level 5. HP: 44/49 MP: 5/5
  2103 | D:4      | Noticed an ogre
  2105 | D:4      | Slain by an ogre

Illustrated notes

Levels and vault maps discovered:
D:1:      kilobyte_arrival_exit_the_forest, layout_basic,
          minmay_misc_feat_hallway, minmay_crystal_room
D:2:      layout_basic, minmay_tromino_v2
D:3:      layout_basic, nicolae_dithmenos_shadow_blocks,
          roderic_serpentine_path, minmay_misc_feat_doors, minmay_starry_boxes,
          uniq_robin
D:4:      layout_gridville, serial_shops, shop_statue, dk_noncrumbling_4

Skill      XL: |  1  2  3  4 |
---------------+-------------+-----
Fighting       | 3 |  3.7
Axes           | 3 |  3.9
Armour         | 4 |  4.5
Shields        | 4 |  4.6

Action                   |  1- 3 |  4- 6 || total
-------------------------+-------+-------++-------
Melee: War axe           |   111 |   121 ||   232
 Abil: Heal Wounds       |       |     5 ||     5
Armor: Scale mail        |    63 |    45 ||   108
Dodge: Dodged            |    41 |    62 ||   103
Block: Kite shield       |    54 |    80 ||   134
